Map: Ruins of Seras

Players

Amane - Winner!

  • Race: Protoss Protoss
  • League: Grandmaster

PracticeX

  • Race: Terran Terran
  • League: Grandmaster

VOD

Have the link to the VOD?

Description

Time

  • Played on: Jan. 4, 2016, 11:13 p.m.
  • Length: 8:19
Show
View Real Time Build Order
Export as new Build Order

Amane Protoss - Winner!

Build Orders: 1 Gate Expand 

Get SALT Encoding   

  12  0:00  Probe (Chrono Boost)  
  13  0:11  Probe (Chrono Boost)  
  14  0:18  Pylon  
  14  0:23  Probe (Chrono Boost)  
  15  0:36  Probe (Chrono Boost)  
  15  0:41  Gateway  
  16  0:43  Assimilator  
  16  0:47  Probe (Chrono Boost)  
  17  0:57  Probe (Chrono Boost)  
  18  1:08  Probe (Chrono Boost)  
  19  1:21  Nexus  
  19  1:32  Cybernetics Core  
  19  1:35  Probe (Chrono Boost)  
  20  1:43  Assimilator  
  20  1:45  Probe (Chrono Boost)  
  21  1:51  Pylon  
  21  1:56  Probe (Chrono Boost)  
  22  2:08  Probe (Chrono Boost)  
  23  2:09  Adept (Chrono Boost)  
  23  2:10  Warp Gate  
  25  2:19  Probe  
  26  2:31  Probe  
  26  2:32  Probe  
  28  2:41  Adept (Chrono Boost)  
  28  2:42  Probe  
  28  2:43  Probe  
  32  2:53  Probe  
  32  2:55  Probe  
  34  3:00  Robotics Facility  
  34  3:03  Probe  
  34  3:05  Twilight Council  
  35  3:08  Probe  
  36  3:14  Probe (Chrono Boost)  
  37  3:20  Probe (Chrono Boost), Pylon  
  37  3:26  Probe (Chrono Boost)  
  39  3:31  Probe (Chrono Boost)  
  39  3:32  Resonating Glaives  
  40  3:34  Gateway  
  40  3:39  Probe (Chrono Boost)  
  40  3:40  Gateway  
  41  3:43  Probe (Chrono Boost)  
  42  3:49  Warp Prism (Chrono Boost)  
  42  3:51  Probe  
  42  3:55  Probe  
  46  4:03  Probe  
  46  4:07  Probe  
  48  4:10  Gateway  
  48  4:14  Gateway  
  48  4:15  Probe  
  49  4:18  Gateway  
  49  4:20  Gateway  
  49  4:29  Mothership Core  
  51  4:46  Pylon  
  51  4:51  Nexus  
  51  4:52  Pylon  
  51  4:56  Blink  
  51  5:07  Adept x2  
  51  5:13  Probe  
  56  5:15  Probe  
  56  5:18  Pylon  
  56  5:21  Immortal (Chrono Boost)  
  61  5:25  Probe  
  61  5:27  Pylon  
  61  5:28  Probe  
  63  5:37  Probe  
  63  5:41  Adept x6  
  63  5:42  Adept  
  66  6:04  Adept x7  
  76  6:29  Probe  
  76  6:30  Adept x4  
  76  6:31  Adept x3  
  76  6:32  Probe, Immortal (Chrono Boost)  
  87  6:33  Probe  
  87  6:39  Pylon  
  81  6:41  Pylon  
  81  6:43  Probe  
  81  6:44  Probe  
  77  6:52  Probe  
  78  6:55  Sentry  
  78  6:59  Probe  
  78  7:01  Probe  
  81  7:02  Assimilator  
  81  7:04  Stalker x2  
  81  7:05  Stalker x2  
  81  7:06  Assimilator  
  90  7:10  Probe  
  90  7:11  Probe x2  
  90  7:13  Pylon  
  93  7:17  Pylon  
  93  7:23  Probe x2, Adept  
  93  7:24  Probe, Adept x2, Pylon  
  93  7:26  Pylon  
  102  7:34  Pylon  
  102  7:35  Probe  
  103  7:38  Probe, Immortal (Chrono Boost)  
  103  7:39  Adept x2  
  103  7:42  Adept x2  
  103  7:43  Probe  
  117  7:53  Probe  
  117  7:54  Probe  
  117  7:55  Probe  
  117  7:56  Assimilator  
  120  7:58  Assimilator  
  120  8:00  Stalker, Pylon  
  120  8:01  Stalker  
  120  8:02  Stalker  
  120  8:05  Probe  
Show
View Real Time Build Order
Export as new Build Order

PracticeX Terran 

Build Orders: Reaper Expand, MMM Bio 

Get SALT Encoding   

  12  0:03  SCV  
  13  0:15  SCV  
  13  0:19  Supply Depot  
  14  0:27  SCV  
  15  0:41  SCV  
  16  0:44  Barracks  
  16  0:46  Refinery  
  16  0:53  SCV  
  17  1:05  SCV  
  18  1:17  SCV  
  19  1:31  Reaper, Orbital Command  
  20  1:49  Command Center  
  20  1:56  Supply Depot  
  20  1:57  SCV  
  21  2:04  Barracks Reactor  
  21  2:09  SCV  
  21  2:15  Barracks  
  22  2:23  Barracks  
  22  2:26  SCV  
  23  2:31  Refinery  
  23  2:38  SCV  
  23  2:40  Marine x2  
  26  2:50  SCV  
  27  2:58  Marine x2  
  28  3:02  Orbital Command  
  28  3:05  SCV, Barracks Tech Lab  
  30  3:10  Marine  
  31  3:16  Marine  
  31  3:17  SCV  
  33  3:23  Engineering Bay  
  33  3:24  Stimpack, Marine  
  33  3:26  Marine  
  35  3:35  Factory  
  35  3:39  Supply Depot  
  35  3:40  SCV  
  36  3:47  Marine  
  36  3:48  Barracks Reactor  
  37  3:50  Missile Turret  
  37  3:51  SCV  
  38  3:56  SCV  
  38  4:01  Missile Turret  
  39  4:04  SCV  
  39  4:08  SCV  
  39  4:09  Marine x2  
  43  4:14  Refinery  
  43  4:16  SCV  
  44  4:21  SCV, Starport  
  44  4:24  Factory Reactor  
  45  4:28  Terran Infantry Weapons Level 1  
  45  4:29  SCV  
  46  4:33  SCV  
  47  4:39  Supply Depot  
  47  4:41  SCV  
  47  4:42  Marine x2  
  47  4:44  Supply Depot  
  47  4:45  SCV  
  51  4:50  Marauder  
  53  4:57  Bunker, Marine  
  54  5:00  Marine  
  54  5:06  Medivac x2  
  59  5:07  Marine  
  59  5:10  Factory Tech Lab, Marine  
  59  5:11  Marauder  
  63  5:15  Marine  
  63  5:17  Supply Depot  
  63  5:18  SCV x2  
  66  5:25  Combat Shields  
  66  5:30  SCV  
  66  5:31  SCV  
  68  5:37  Viking  
  68  5:39  Barracks  
  68  5:40  Barracks  
  63  5:56  Marauder, Marine x3  
  57  6:00  Marine  
  50  6:14  Marine x3  
  50  6:18  Marauder  
  27  6:35  Marine  
  22  6:43  Marine  
  22  6:44  Marine  
  24  6:49  Marine  
  24  6:53  Marine  
  28  6:54  Marauder  
  28  6:59  Marine  
  29  7:01  Marine  
  29  7:04  SCV  
  29  7:05  Marine  
  32  7:09  Marine  
  32  7:11  Marine  
  34  7:16  Marine  
  34  7:20  Concussive Shells  
  34  7:21  Marine  
  36  7:24  Marine  
  36  7:29  Marine x2  
  39  7:33  Marine  
  39  7:36  Marine  
  41  7:39  Marine  
  41  7:40  SCV  
  41  7:43  SCV  
  44  7:45  Marine  
  44  7:49  Marine  
  46  7:53  Marine  
  46  7:54  Marine  
  46  7:57  Marine  
Tags
 
Add a new tag
Caveats
  • Supply blocks, unpowered buildings, or Contaminate may cause inaccurate times.
  • Supply counts are checked every 10 seconds.